 Dungeon Crawl Stone Soup version 0.21.1-1-g345015f (webtiles) character file.

242 wojtek the Conjurer (level 6, 0/32 HPs)
             Began as a Kobold Conjurer on Mar 25, 2018.
             Slain by a scorpion (9 damage)
             ... on level 4 of the Dungeon.
             The game lasted 00:05:44 (4473 turns).

wojtek the Conjurer (Kobold Conjurer)               Turns: 4473, Time: 00:05:45

Health: 0/32       AC:  3    Str:  5    XL:     6   Next: 30%
Magic:  0/9        EV: 14    Int: 18    God:
Gold:   144        SH:  0    Dex: 16    Spells: 4/9 levels left

rFire    . . .     SeeInvis .   j - +2 dagger (drain)
rCold    . . .     Gourm    .   (shield restricted)
rNeg     . . .     Faith    .   a - +0 robe
rPois    .         Spirit   .   (no helmet)
rElec    .         Reflect  .   (no cloak)
rCorr    .         Harm     .   p - +0 pair of gloves
MR       .....                  (no boots)
Stlth    ++........             (no amulet)
HPRegen  0.10/turn              (no ring)
MPRegen  0.11/turn              (no ring)

@: lethally poisoned (0 -> -14), drained
A: small, carnivore
a: no special abilities


You were on level 4 of the Dungeon.
You were very full.

You visited 1 branch of the dungeon, and saw 4 of its levels.

You collected 144 gold pieces.

Inventory:

Hand Weapons
 j - a +2 dagger of draining (weapon)
Armour
 a - a +0 robe (worn)
 p - a +0 pair of gloves (worn)
Jewellery
 n - a cursed -5 ring of strength {unknown}
 q - an uncursed amulet of harm
Wands
 g - a wand of paralysis (12)
Scrolls
 d - 3 scrolls of remove curse {unknown}
 e - a scroll of amnesia {unknown}
 f - 6 scrolls of identify {unknown}
 h - a scroll of enchant armour {unknown}
 i - a scroll of fog {unknown}
 l - a scroll of blinking {unknown}
 m - 2 scrolls of teleportation {unknown}
 t - a scroll of immolation {unknown}
Potions
 k - a potion of heal wounds {unknown}
 o - 2 potions of brilliance {unknown}
 r - 2 potions of curing {unknown}
Books
 b - a book of Conjurations

   Spells                             Type                      Level
   a - Magic Dart                     Conjuration                  1
   b - Searing Ray                    Conjuration                  2
   c - Dazzling Spray                 Conjuration/Hexes            3
   d - Fulminant Prism                Conjuration/Hexes            4
   e - Force Lance                    Conjuration/Translocation    4
   f - Iskenderun's Mystic Blast      Conjuration                  4
Comestibles
 c - 5 rations


   Skills:
 - Level 2.4(1.5) Dodging
 - Level 2.6(1.8) Stealth
 - Level 2.1(1.3) Spellcasting
 + Level 7.0(6.1) Conjurations
 + Level 0.8(0.0) Translocations


You had 4 spell levels left.
You knew the following spells:

 Your Spells              Type           Power        Failure   Level  Hunger
a - Magic Dart            Conj           ###.         1%          1    ##.....
b - Force Lance           Conj/Tloc      ##......     47%         4    #####..


Dungeon Overview and Level Annotations

Branches:
Dungeon (4/15)
 Temple: D:4-7

Altars:
Gozag
Okawaru

Annotations:
D:3 wojtek's ghost, amateur DsSk


Innate Abilities, Weirdness & Mutations

You are small and have problems with some larger weapons.
You are carnivorous and can eat meat at any time.


Message History

Confirm with . or Enter, or press ? or * to list all spells.
You don't have enough magic to cast that spell.
No previous command to re-do.
No previous command to re-do.
You hit the scorpion but do no damage.
The scorpion is severely wounded.
You feel sick. The scorpion stings you.
You are more poisoned.
The scorpion poisons you!
You barely miss the scorpion.
The scorpion is severely wounded.
You feel sick. The scorpion completely misses you.
You closely miss the scorpion.
The scorpion is severely wounded.
You feel sick. The scorpion stings you!
You closely miss the scorpion.
The scorpion is severely wounded.
* * * LOW HITPOINT WARNING * * *
You feel sick. The scorpion stings you!
You die...

....# #.#
################ #.#
...............# #.#
..########.....# #.# ..#
#.....# #.# #########
..# ##.#### #.#
#......<# ..#
#.######.###.......# ..#
#....s.............# ###
######@#####.#######
#....#.# #.# ###.##.#.#
#.######### #......#.#
#.........#
#.#.####.#############.#
#.#.#.........# #.#
###.#.###.###.# #.#
#.....###...#.# #.#
#.#.......#.#.# #.#


You could see a scorpion.

Vanquished Creatures
  Natasha (twice) (D:3)
  3 worker ants (D:4)
  3 adders
  An ooze (D:3)
  An adder skeleton (D:4)
  2 worms (D:3)
  3 dart slugs
  7 leopard geckos
  2 ball pythons
  4 giant cockroaches
  2 hobgoblins (D:2)
  8 jackals
  2 quokkas (D:3)
  6 bats
  3 frilled lizards
  7 goblins
  10 kobolds
  10 rats
76 creatures vanquished.

Notes
Turn   | Place    | Note
-------+----------+-------------------------------------------
     0 | D:1      | wojtek the Kobold Conjurer began the quest for the Orb.
     0 | D:1      | Reached XP level 1. HP: 10/10 MP: 3/3
   362 | D:1      | Reached XP level 2. HP: 8/15 MP: 0/5
  1031 | D:1      | Reached XP level 3. HP: 19/19 MP: 3/6
  1163 | D:2      | Found an opulent altar of Gozag.
  1343 | D:2      | Reached skill level 5 in Conjurations
  1581 | D:2      | Reached XP level 4. HP: 21/24 MP: 0/7
  2149 | D:3      | Noticed wojtek's ghost (amateur DsSk)
  2544 | D:3      | Noticed Natasha
  2548 | D:3      | Killed Natasha
  2548 | D:3      | Reached skill level 6 in Conjurations
  2548 | D:3      | Reached XP level 5. HP: 28/28 MP: 2/8
  2731 | D:3      | Noticed Natasha
  3053 | D:3      | Killed Natasha
  3123 | D:3      | Found an iron altar of Okawaru.
  3764 | D:4      | Reached XP level 6. HP: 24/32 MP: 0/9
  4023 | D:4      | Learned a level 4 spell: Force Lance
  4281 | D:4      | Reached skill level 7 in Conjurations
  4473 | D:4      | Slain by a scorpion

Skill      XL: |  1  2  3  4  5  6 |
---------------+-------------------+-----
Conjurations   | 5 6 7 |  7.0
Dodging        | |  2.4
Stealth        | |  2.6
Spellcasting   | |  2.1
Translocations | |  0.8

Action                   |  1- 3 |  4- 6 || total
-------------------------+-------+-------++-------
Melee: Unarmed           |    20 |       ||    20
       Dagger            |     6 |    14 ||    20
 Cast: Magic Dart        |    69 |   138 ||   207
 Stab: Sleeping          |       |     1 ||     1
       Distracted        |       |     1 ||     1
  Eat: Chunk             |    11 |    12 ||    23
Armor: Robe              |     6 |     3 ||     9
Dodge: Dodged            |    43 |    21 ||    64
